Workbook

Sheet CONCOURS INTERNE
B1: CONCOURS INTERNE | H1: =NOW() -> 43514.001
A2: No_Sq | B2: Dates | C2: Libellés | D2: Paiement | E2: Débit | F2: Crédit | G2: Solde | H2: Pointage
G4: =$G3+$F4-$E4 -> 0
A5: 59 | B5: 43497 | C5: Caisse Club / | D5: CH | F5: 410 | G5: =$G4+$F5-$E5 -> 410
A6: 60 | B6: 43355 | C6: Caisse Club / | D6: CH | E6: 300 | G6: =$G5+$F6-$E6 -> 110
B7: TOTAL | E7: =SUM(INDIRECT("E3:E"&ROW()-1)) -> 300 | F7: =SUM(INDIRECT("F3:F"&ROW()-1)) -> 410 | G7: =$G4+$F7-$E7 -> 110

Sheet CONCOURS EXTERNE
B1: CONCOURS EXTERNE | H1: =NOW() -> 43514.001
A2: No_Sq | B2: Dates | C2: Libellés | D2: Paiement | E2: Débit | F2: Crédit | G2: Solde | H2: Pointage
G4: =$G3+$F4-$E4 -> 0
B5: TOTAL | E5: =SUM(INDIRECT("E3:E"&ROW()-1)) -> 0 | F5: =SUM(INDIRECT("E3:E"&ROW()-1)) -> 0 | G5: =SUM(INDIRECT("E3:E"&ROW()-1)) -> 0

Sheet DENREES & BOISSONS
B1: DENREES ET BOISSONS | H1: =NOW() -> 43514.001
A2: No_Sq | B2: Dates | C2: Libellés | D2: Paiement | E2: Débit | F2: Crédit | G2: Solde | H2: Pointage
G4: =$G3+$F4-$E4 -> 0
B5: TOTAL | E5: =SUM(INDIRECT("E3:E"&ROW()-1)) -> 0 | F5: =SUM(INDIRECT("F3:F"&ROW()-1)) -> 0 | G5: =$F5-$E5 -> 0

Sheet ENTRETIENT & TRAVAUX
B1: ENTRETIENT & TRAVAUX | H1: =NOW() -> 43514.001
A2: No_Sq | B2: Dates | C2: Libellés | D2: Paiement | E2: Débit | F2: Crédit | G2: Solde | H2: Pointage
G4: =$G3+$F4-$E4 -> 0
B5: TOTAL | E5: =SUM(INDIRECT("E3:E"&ROW()-1)) -> 0 | F5: =SUM(INDIRECT("F3:F"&ROW()-1)) -> 0 | G5: =$F5-$E5 -> 0

Sheet VETEMENTS
C1: VETEMENTS | H1: =NOW() -> 43514.001
A2: No_Sq | B2: Dates | C2: Libellés | D2: Paiement | E2: Débit | F2: Crédit | G2: Solde | H2: Pointage
G4: =$G3+$F4-$E4 -> 0
B5: TOTAL | E5: =SUM(INDIRECT("E3:E"&ROW()-1)) -> 0 | F5: =SUM(INDIRECT("F3:F"&ROW()-1)) -> 0 | G5: =$F5-$E5 -> 0

Sheet ESPAGNE
B1: ESPAGNE | H1: =NOW() -> 43514.001
A2: No_Sq | B2: Dates | C2: Libellés | D2: Paiement | E2: Débit | F2: Crédit | G2: Solde | H2: Pointage
G4: =$G3+$F4-$E4 -> 0
B5: TOTAL | E5: =SUM(INDIRECT("E3:E"&ROW()-1)) -> 0 | F5: =SUM(INDIRECT("F3:F"&ROW()-1)) -> 0 | G5: =$F5-$E5 -> 0

Sheet LOTOS-TOMBOLAS-VIDE_GRENIERS
B1: lotos tombolas et vides greniers | H1: =NOW() -> 43514.001
A2: No_Sq | B2: Dates | C2: Libellés | D2: Paiement | E2: Débit | F2: Crédit | G2: Solde | H2: Pointage
G4: =$G3+$F4-$E4 -> 0
B5: TOTAL | E5: =SUM(INDIRECT("E3:E"&ROW()-1)) -> 0 | F5: =SUM(INDIRECT("F3:F"&ROW()-1)) -> 0 | G5: =$F5-$E5 -> 0

Sheet FRAIS DE GESTION
B1: FRAIS DE GESTION | H1: =NOW() -> 43514.001
A2: No_Sq | B2: Dates | C2: Libellés | D2: Paiement | E2: Débit | F2: Crédit | G2: Solde | H2: Pointage
G4: =$G3+$F4-$E4 -> 0
B5: TOTAL | E5: =SUM(INDIRECT("E3:E"&ROW()-1)) -> 0 | F5: =SUM(INDIRECT("F3:F"&ROW()-1)) -> 0 | G5: =$F5-$E5 -> 0

Sheet LICENCES & CARTES
B1: LICENCES & CARTES | H1: =NOW() -> 43514.001
A2: No_Sq | B2: Dates | C2: Libellés | D2: Paiement | E2: Débit | F2: Crédit | G2: Solde | H2: Pointage
G4: =$G3+$F4-$E4 -> 0
B5: TOTAL | E5: =SUM(INDIRECT("E3:E"&ROW()-1)) -> 0 | F5: =SUM(INDIRECT("F3:F"&ROW()-1)) -> 0 | G5: =$F5-$E5 -> 0

Sheet SUBVENTIONS
B1: SUBVENTIONS | H1: =NOW() -> 43514.001
A2: No_Sq | B2: Dates | C2: Libellés | D2: Paiement | E2: Débit | F2: Crédit | G2: Solde | H2: Pointage
G4: =$G3+$F4-$E4 -> 0
B5: TOTAL | E5: =SUM(INDIRECT("E3:E"&ROW()-1)) -> 0 | F5: =SUM(INDIRECT("F3:F"&ROW()-1)) -> 0 | G5: =$F5-$E5 -> 0

Sheet Prévision-Budget-2018
A1: PREVISION BUDGET 2018
A2: libellés | B2: 2017 | C2: 2018 | D2: Solde
A3: Lotos 2018 | C3: ='LOTOS-TOMBOLAS-VIDE_GRENIERS'!$G5 -> 0 | D3: =+C3-B3 -> 0
A4: Subventions | C4: =SUBVENTIONS!$G5 -> 0 | D4: =+C4-B4 -> 0
A5: Concours Internes | C5: ='CONCOURS INTERNE'!$G7 -> 110 | D5: =+C5-B5 -> 110
A6: Concours Externes | C6: ='CONCOURS INTERNE'!$G8 -> 0 | D6: =+C6-B6 -> 0
A7: Frais de gestion | C7: ='FRAIS DE GESTION'!$G5 -> 0 | D7: =+C7-B7 -> 0
A8: Licences & Cartes Membres | C8: ='LICENCES & CARTES'!$G5 -> 0 | D8: =+C8-B8 -> 0
A9: Denrées & Boissons | C9: ='DENREES & BOISSONS'!$G5 -> 0 | D9: =+C9-B9 -> 0
A10: Entretien & Travaux | C10: ='ENTRETIENT & TRAVAUX'!$G5 -> 0 | D10: =+C10-B10 -> 0
A11: Vêtements | C11: =VETEMENTS!$G5 -> 0 | D11: =+C11-B11 -> 0
A12: Espagne | C12: =ESPAGNE!$G5 -> 0 | D12: =+C12-B12 -> 0
A13: Totaux | B13: =SUM(B3:B12) -> 0 | C13: =SUM(C3:C11) -> 110 | D13: =SUM(D3:D12) -> 110
A16: PREVISION BUDGET 2019
A17: libellés | B17: 2018 | C17: 2019 | D17: Solde
A18: Lotos 2018 | B18: =C3 -> 0 | D18: =+C18-B18 -> 0
A19: Subventions | B19: =C4 -> 0 | D19: =+C19-B19 -> 0
A20: Concours Internes | B20: =C5 -> 110 | D20: =+C20-B20 -> -110
A21: Concours Externes | B21: =C6 -> 0 | D21: =+C21-B21 -> 0
A22: Frais de Gestion | B22: =C7 -> 0 | D22: =+C22-B22 -> 0
A23: Licences & Cartes Membres | B23: =C8 -> 0 | D23: =+C23-B23 -> 0
A24: Denrées & Boissons | B24: =C9 -> 0 | D24: =+C24-B24 -> 0
A25: Entretien & Travaux | B25: =C10 -> 0 | D25: =+C25-B25 -> 0
A26: Vêtements | B26: =C11 -> 0 | D26: =+C26-B26 -> 0
A27: Espagne | B27: =C12 -> 0 | D27: =+C27-B27 -> 0
A28: Totaux | B28: =SUM(B18:B27) -> 110 | C28: =SUM(C18:C27) -> 0 | D28: =SUM(D18:D27) -> -110

Sheet Bilian
A1: BILAN | H1: Stocks
A2: libellés | B2: Débit | C2: Crédit | D2: Solde | E2: VERIF | F2: ERREUR | H2: Denrées | I2: ='DENREES & BOISSONS'!$G5 -> 0
A3: Lotos 2016 / 2017 | B3: ='LOTOS-TOMBOLAS-VIDE_GRENIERS'!$E5 -> 0 | C3: ='LOTOS-TOMBOLAS-VIDE_GRENIERS'!$F5 -> 0 | D3: =+C3-B3 -> 0 | E3: ='LOTOS-TOMBOLAS-VIDE_GRENIERS'!G$5 -> 0 | F3: =+D3-E3 -> 0 | H3: Vêtements | I3: =VETEMENTS!$G5 -> 0
A4: Subventions | B4: =SUBVENTIONS!$C5 -> 0 | C4: =SUBVENTIONS!$F5 -> 0 | D4: =+C4-B4 -> 0 | E4: =SUBVENTIONS!$G$5 -> 0 | F4: =+D4-E4 -> 0 | H4: Lotos | I4: ='LOTOS-TOMBOLAS-VIDE_GRENIERS'!$G5 -> 0
A5: Concours Internes | B5: ='CONCOURS INTERNE'!$E$7 -> 300 | C5: ='CONCOURS INTERNE'!$F7 -> 410 | D5: =+C5-B5 -> 110 | E5: ='CONCOURS INTERNE'!G$7 -> 110 | F5: =+D5-E5 -> 0 | H5: TOTAL | I5: =SUM(I2:I4) -> 0
A6: Concours Externes | B6: ='CONCOURS INTERNE'!$E$7 -> 300 | C6: ='CONCOURS INTERNE'!$F7 -> 410 | D6: =+C6-B6 -> 110 | E6: ='CONCOURS EXTERNE'!$G$5 -> 0 | F6: =+D6-E6 -> 110
A7: Frais de gestion | B7: ='FRAIS DE GESTION'!$E5 -> 0 | C7: ='FRAIS DE GESTION'!$F5 -> 0 | D7: =+C7-B7 -> 0 | E7: ='FRAIS DE GESTION'!G$5 -> 0 | F7: =+D7-E7 -> 0 | H7: COMPTES
A8: Licences & Cartes Membres | B8: ='LICENCES & CARTES'!$E5 -> 0 | C8: ='LICENCES & CARTES'!$F5 -> 0 | D8: =+C8-B8 -> 0 | E8: ='LICENCES & CARTES'!G$5 -> 0 | F8: =+D8-E8 -> 0 | H8: Crédit Mutuel | I8: 0
A9: Denrées & Boissons | B9: ='DENREES & BOISSONS'!$E5 -> 0 | C9: ='DENREES & BOISSONS'!E5 -> 0 | D9: =+C9-B9 -> 0 | E9: ='DENREES & BOISSONS'!$G5 -> 0 | F9: =+D9-E9 -> 0 | H9: Espèces | I9: 0
A10: Entretien & Travaux | B10: ='ENTRETIENT & TRAVAUX'!$E5 -> 0 | C10: ='ENTRETIENT & TRAVAUX'!$F5 -> 0 | D10: =+C10-B10 -> 0 | E10: ='ENTRETIENT & TRAVAUX'!G$5 -> 0 | F10: =+D10-E10 -> 0 | H10: TOTAL | I10: =SUM(I7:I9) -> 0
A11: Vêtements | B11: =VETEMENTS!$E5 -> 0 | C11: =VETEMENTS!$F5 -> 0 | D11: =+C11-B11 -> 0 | E11: =VETEMENTS!G$5 -> 0 | F11: =+D11-E11 -> 0
A12: Espagne | B12: =ESPAGNE!$E5 -> 0 | C12: =ESPAGNE!$F5 -> 0 | D12: =+C12-B12 -> 0 | E12: =ESPAGNE!G$5 -> 0 | F12: =+D12-E12 -> 0 | H12: CAUTIONS
A13: Totaux | B13: =SUM(B3:B12) -> 600 | C13: =SUM(C3:C12) -> 820 | D13: =C13-B13 -> 220 | E13: =SUM(E3:E12) -> 110 | F13: =E13-D13 -> -110 | H13: CAUTION N° 1 FFPJP | I13: 0
H14: CAUTION N° 2 FFPJP | I14: 0
H15: TOTAL | I15: =+I13+I14 -> 0
